TOP OF THE 1ST |
Huron Cubs batting - Pitching for Watertown Bucks : LHP William Demo
|
Pitching: LHP William Demo
|
|
Batting: LHB Gary Varsho
|
0-0: Called Strike 0-1: Fly out, F9 (Flyball, 9D, EV 99.4 MPH)
|
Batting: RHB Greg Zunino
|
0-0: Ball 1-0: Ball 2-0: Called Strike 2-1: Ball 3-1: Base on Balls
|
Batting: RHB Mark Carreon
|
0-0: Called Strike 0-1: Ground out 3-1 (Groundball, 34S, EV 82.5 MPH) Greg Zunino to second
|
Batting: RHB John Alvarez
|
0-0: Ball 1-0: SINGLE (Groundball, 6MD, EV 103.8 MPH) Greg Zunino to third Runner from 3rd tries for Home, SAFE, throw by CF to home
|
Batting: LHB Willis Gonzalez
|
0-0: Called Strike 0-1: Ball 1-1: 2-RUN HOME RUN (Flyball, 9LD, EV 86.9 MPH), Distance : 346 ft
|
Batting: RHB Mike Stellern
|
0-0: Foul Ball, location: 2F 0-1: Ball 1-1: Foul Ball, location: 2F 1-2: Strikes out swinging
|
Top of the 1st over - 3 runs, 2 hits, 0 errors, 0 left on base; Huron 3 - Watertown 0 |
BOTTOM OF THE 1ST |
Watertown Bucks batting - Pitching for Huron Cubs : RHP Rich N Thompson
|
Pitching: RHP Rich N Thompson
|
|
Batting: LHB Manuel Vigil
|
0-0: Swinging Strike 0-1: Called Strike 0-2: Ball 1-2: Ball 2-2: Ball 3-2: TRIPLE (Flyball, 78XD, EV 106.9 MPH)
|
Batting: RHB Robert Tanzi
|
0-0: Fly out, F4 (Popup, 4S, EV 75.6 MPH)
|
Batting: LHB Bryan Neal
|
0-0: Foul Ball, location: 2F 0-1: Foul Ball, location: 2F 0-2: Fly out, F8 (Line Drive, 8RM, EV 92.5 MPH) Runner from 3rd tags up, SCORES, no throw by CF
|
Batting: RHB Randy Hunt
|
0-0: Ball 1-0: Fly out, F2 (Popup, 23F, EV 83.1 MPH)
|
Bottom of the 1st over - 1 run, 1 hit, 0 errors, 0 left on base; Huron 3 - Watertown 1 |
TOP OF THE 2ND |
Huron Cubs batting - Pitching for Watertown Bucks : LHP William Demo
|
Pitching: RHP Jose Vasquez
|
|
Batting: RHB Scot Holliday
|
0-0: Ball 1-0: Ball 2-0: Ball 3-0: Called Strike 3-1: Base on Balls
|
Batting: SHB Keith Smith
|
0-0: Ball 1-0: Ball 2-0: Called Strike 2-1: Foul Ball, location: 2F 2-2: Ball 3-2: Base on Balls Scot Holliday to second
|
Batting: RHB Duffy Ryan
|
0-0: Foul Ball, location: 2F 0-1: Swinging Strike 0-2: Foul Ball, location: 2F 0-2: Fly out, F7 (Flyball, 78M, EV 93.8 MPH)
|
Batting: LHB Gary Varsho
|
0-0: Ball 1-0: Called Strike 1-1: TRIPLE (Flyball, 9LD, EV 93.8 MPH) Scot Holliday scores Keith Smith scores
|
Batting: RHB Greg Zunino
|
0-0: DOUBLE (Line Drive, 9LD, EV 105.0 MPH) Gary Varsho scores
|
Batting: RHB Mark Carreon
|
0-0: Ball 1-0: Ball 2-0: Foul Ball, location: 2F 2-1: Ball 3-1: Called Strike 3-2: Foul Ball, location: 2F 3-2: Ground out 6-3 (Groundball, 6, EV 80.6 MPH)
|
Batting: RHB John Alvarez
|
0-0: Called Strike 0-1: Ball 1-1: Ground out 6-3 (Groundball, 6, EV 105.0 MPH)
|
Top of the 2nd over - 3 runs, 2 hits, 0 errors, 1 left on base; Huron 6 - Watertown 1 |
BOTTOM OF THE 2ND |
Watertown Bucks batting - Pitching for Huron Cubs : RHP Rich N Thompson
|
Batting: LHB Greg Guin
|
0-0: Foul Ball, location: 2F 0-1: Called Strike 0-2: Fly out, F8 (Flyball, 8RM, EV 80.0 MPH)
|
Batting: SHB Bruce Hines
|
0-0: Ball 1-0: Called Strike 1-1: Ground out 4-3 (Groundball, 4, EV 83.1 MPH)
|
Batting: SHB Luis Rivera
|
0-0: Called Strike 0-1: Ball 1-1: SINGLE (Groundball, 56S, EV 71.3 MPH) (infield hit)
|
Batting: RHB Kelly Smith
|
0-0: Called Strike 0-1: Ball 1-1: Ball 2-1: Swinging Strike 2-2: Ball 3-2: Ground out 5-3 (Groundball, 56, EV 83.8 MPH)
|
Bottom of the 2nd over - 0 runs, 1 hit, 0 errors, 1 left on base; Huron 6 - Watertown 1 |
TOP OF THE 3RD |
Huron Cubs batting - Pitching for Watertown Bucks : RHP Jose Vasquez
|
Batting: LHB Willis Gonzalez
|
0-0: Ball 1-0: DOUBLE (Line Drive, 89D, EV 106.3 MPH) - OUT at third base trying to stretch hit.
|
Batting: RHB Mike Stellern
|
0-0: SOLO HOME RUN (Flyball, 8RXD, EV 93.8 MPH), Distance : 435 ft
|
Pitching: LHP Kenneth Likewise
|
|
Batting: RHB Scot Holliday
|
0-0: Foul Ball, location: 2F 0-1: Foul Ball, location: 2F 0-2: SOLO HOME RUN (Flyball, 7D, EV 98.8 MPH), Distance : 357 ft
|
Batting: SHB Keith Smith
|
0-0: Ball 1-0: Foul Ball, location: 2F 1-1: Called Strike 1-2: Foul Ball, location: 2F 1-2: Ball 2-2: Reached via error on a dropped throw from 3B, E3 (Groundball, 56S, EV 87.5 MPH)
|
Batting: RHB Duffy Ryan
|
0-0: Hit by Pitch Keith Smith to second
|
Batting: LHB Gary Varsho
|
0-0: Foul Ball, location: 2F 0-1: Ball 1-1: SINGLE (Line Drive, 7S, EV 96.3 MPH) Keith Smith to third Duffy Ryan to second Runner from 3rd tries for Home, SAFE, throw by LF to home
|
Batting: RHB Greg Zunino
|
0-0: Grounds into double play, 6-4-3 (Groundball, 6, EV 86.9 MPH)
|
Top of the 3rd over - 3 runs, 4 hits, 1 error, 1 left on base; Huron 9 - Watertown 1 |
BOTTOM OF THE 3RD |
Watertown Bucks batting - Pitching for Huron Cubs : RHP Rich N Thompson
|
Batting: LHB John Cardinali
|
0-0: Swinging Strike 0-1: Ball 1-1: Ball 2-1: Ball 3-1: Base on Balls
|
Batting: LHB Manuel Vigil
|
0-0: Called Strike 0-1: Ball 1-1: Ball 2-1: Ball 3-1: Base on Balls John Cardinali to second
|
Batting: RHB Robert Tanzi
|
0-0: Called Strike 0-1: Ball 1-1: Foul Ball, location: 2F 1-2: Strikes out swinging
|
Batting: LHB Bryan Neal
|
0-0: DOUBLE (Line Drive, 9D, EV 90.6 MPH) John Cardinali scores Manuel Vigil to third
|
Batting: RHB Randy Hunt
|
0-0: Foul Ball, location: 2F 0-1: Fly out, F5 (Line Drive, 5, EV 67.5 MPH)
|
Batting: LHB Greg Guin
|
0-0: Called Strike 0-1: Ball 1-1: Ball 2-1: Ball 3-1: Called Strike 3-2: SINGLE (Groundball, 4D, EV 103.8 MPH) Manuel Vigil scores Bryan Neal to third Bryan Neal scores
|
Batting: SHB Bruce Hines
|
0-0: Called Strike 0-1: Ground out U3 (Groundball, 34, EV 79.4 MPH)
|
Bottom of the 3rd over - 3 runs, 2 hits, 0 errors, 1 left on base; Huron 9 - Watertown 4 |
TOP OF THE 4TH |
Huron Cubs batting - Pitching for Watertown Bucks : LHP Kenneth Likewise
|
Batting: RHB Mark Carreon
|
0-0: Called Strike 0-1: Called Strike 0-2: SINGLE (Groundball, 6S, EV 71.9 MPH) (infield hit)
|
Pitching: RHP Francis McQuade
|
|
Batting: RHB John Alvarez
|
0-0: Foul Ball, location: 2F 0-1: Ball 1-1: Called Strike 1-2: Ball 2-2: Strikes out looking
|
Batting: LHB Willis Gonzalez
|
0-0: Fly out, F7 (Flyball, 7S, EV 78.8 MPH)
|
Batting: RHB Mike Stellern
|
0-0: Called Strike Mark Carreon steals 2nd base 0-1: Ball 1-1: Ball 2-1: Foul Ball, location: 2F 2-2: SINGLE (Groundball, 34D, EV 103.1 MPH) Mark Carreon to third Runner from 3rd tries for Home, SAFE, throw by RF to home
|
Batting: RHB Scot Holliday
|
0-0: Foul Ball, location: 2F 0-1: Ball 1-1: Foul Ball, location: 2F 1-2: Foul Ball, location: 2F 1-2: Ball 2-2: Ball 3-2: Ground out 6-3 (Groundball, P, EV 90.0 MPH)
|
Top of the 4th over - 1 run, 2 hits, 0 errors, 1 left on base; Huron 10 - Watertown 4 |
BOTTOM OF THE 4TH |
Watertown Bucks batting - Pitching for Huron Cubs : RHP Rich N Thompson
|
Batting: SHB Luis Rivera
|
0-0: SINGLE (Groundball, 4M, EV 98.1 MPH) (infield hit)
|
Batting: RHB Kelly Smith
|
0-0: Ball 1-0: Swinging Strike 1-1: Swinging Strike 1-2: Ball 2-2: SINGLE (Groundball, 56S, EV 74.4 MPH) (infield hit) Luis Rivera to second
|
Batting: LHB John Cardinali
|
0-0: Ball Wild Pitch! Luis Rivera to third Kelly Smith to second 1-0: Called Strike 1-1: Swinging Strike 1-2: Ball 2-2: Fly out, F6 (Popup, 6MS, EV 85.0 MPH)
|
Batting: LHB Manuel Vigil
|
0-0: Called Strike 0-1: Called Strike 0-2: Ground out 6-3 (Groundball, 6MD, EV 82.5 MPH) Luis Rivera scores Kelly Smith to third
|
Batting: RHB Robert Tanzi
|
0-0: SINGLE (Flyball, 7LS, EV 90.6 MPH) Kelly Smith scores
|
Batting: LHB Bryan Neal
|
0-0: Ball 1-0: Ball 2-0: Ball 3-0: Base on Balls Robert Tanzi to second
|
Pitching: RHP Jose Lopez
|
|
Batting: RHB Randy Hunt
|
0-0: Foul Ball, location: 2F 0-1: Swinging Strike 0-2: Foul Ball, location: 2F 0-2: Strikes out swinging
|
Bottom of the 4th over - 2 runs, 3 hits, 0 errors, 2 left on base; Huron 10 - Watertown 6 |
TOP OF THE 5TH |
Huron Cubs batting - Pitching for Watertown Bucks : RHP Francis McQuade
|
Batting: SHB Keith Smith
|
0-0: Ground out 4-3 (Groundball, 4M, EV 100.0 MPH)
|
Batting: RHB Duffy Ryan
|
0-0: Ball 1-0: Called Strike 1-1: Swinging Strike 1-2: Foul Ball, location: 2F 1-2: Ball 2-2: Fly out, F8 (Line Drive, 8LD, EV 95.0 MPH)
|
Batting: LHB Gary Varsho
|
0-0: Ball 1-0: Ball 2-0: Ball 3-0: Base on Balls
|
Batting: RHB Greg Zunino
|
0-0: Swinging Strike 0-1: Ball Gary Varsho steals 2nd base 1-1: Foul Ball, location: 2F 1-2: Ball 2-2: Foul Ball, location: 2F 2-2: Ball 3-2: DOUBLE (Line Drive, 8RXD, EV 113.1 MPH) Gary Varsho scores
|
Batting: RHB Mark Carreon
|
0-0: Ball 1-0: Called Strike 1-1: Ball 2-1: Ball 3-1: Base on Balls
|
Batting: RHB John Alvarez
|
0-0: Swinging Strike 0-1: Ball 1-1: Called Strike 1-2: Foul Ball, location: 2F 1-2: Ball 2-2: Foul Ball, location: 2F 2-2: Fly out, F7 (Flyball, 7LD, EV 94.4 MPH)
|
Top of the 5th over - 1 run, 1 hit, 0 errors, 2 left on base; Huron 11 - Watertown 6 |
BOTTOM OF THE 5TH |
Watertown Bucks batting - Pitching for Huron Cubs : RHP Jose Lopez
|
Batting: LHB Greg Guin
|
0-0: Ball 1-0: SINGLE (Flyball, 6MD, EV 89.4 MPH)
|
Batting: SHB Bruce Hines
|
0-0: Ball 1-0: Swinging Strike 1-1: Swinging Strike 1-2: Ball 2-2: Ball 3-2: Fly out, F7 (Flyball, 7, EV 86.3 MPH)
|
Batting: SHB Luis Rivera
|
0-0: Ball 1-0: Called Strike Pickoff Throw to First - Out! 1-3 1-1: Foul Ball, location: 2F 1-2: Strikes out swinging
|
Bottom of the 5th over - 0 runs, 1 hit, 0 errors, 0 left on base; Huron 11 - Watertown 6 |
TOP OF THE 6TH |
Huron Cubs batting - Pitching for Watertown Bucks : RHP Francis McQuade
|
Batting: LHB Willis Gonzalez
|
0-0: Ball 1-0: Foul Ball, location: 2F 1-1: DOUBLE (Flyball, 5D, EV 96.9 MPH)
|
Batting: RHB Mike Stellern
|
0-0: SINGLE (Groundball, 4M, EV 99.4 MPH) Willis Gonzalez to third
|
Batting: RHB Scot Holliday
|
0-0: 3-RUN HOME RUN (Flyball, 7D, EV 100.6 MPH), Distance : 364 ft
|
Batting: SHB Keith Smith
|
0-0: Ball 1-0: Fly out, F8 (Flyball, 8LD, EV 96.9 MPH)
|
Batting: RHB Duffy Ryan
|
0-0: Fly out, F8 (Flyball, 8LXD, EV 89.4 MPH)
|
Batting: LHB Gary Varsho
|
0-0: Called Strike 0-1: DOUBLE (Line Drive, 8LD, EV 108.8 MPH)
|
Batting: RHB Greg Zunino
|
0-0: Ball 1-0: Swinging Strike 1-1: Ball Wild Pitch! Gary Varsho to third 2-1: Ball 3-1: Base on Balls
|
Batting: RHB Mark Carreon
|
0-0: Called Strike 0-1: Foul Ball, location: 2F 0-2: SINGLE (Groundball, 6MS, EV 73.8 MPH) (infield hit) Gary Varsho scores Greg Zunino to second
|
Batting: RHB John Alvarez
|
0-0: Fly out, F8 (Flyball, 8LS, EV 98.1 MPH)
|
Top of the 6th over - 4 runs, 5 hits, 0 errors, 2 left on base; Huron 15 - Watertown 6 |
BOTTOM OF THE 6TH |
Watertown Bucks batting - Pitching for Huron Cubs : RHP Jose Lopez
|
Batting: RHB Kelly Smith
|
0-0: Ball 1-0: Ball 2-0: Called Strike 2-1: Fly out, F8 (Flyball, 8RS, EV 75.0 MPH)
|
Batting: LHB John Cardinali
|
0-0: Called Strike 0-1: Foul Ball, location: 2F 0-2: Ball 1-2: SINGLE (Line Drive, 78S, EV 106.3 MPH)
|
Batting: LHB Manuel Vigil
|
0-0: Called Strike 0-1: Ball 1-1: Foul Ball, location: 2F 1-2: Foul Ball, location: 2F 1-2: Strikes out swinging
|
Batting: RHB Robert Tanzi
|
0-0: Ball 1-0: SINGLE (Line Drive, 8RS, EV 90.0 MPH) John Cardinali to second
|
Batting: LHB Bryan Neal
|
0-0: SINGLE (Groundball, 4MD, EV 94.4 MPH) John Cardinali to third Robert Tanzi to second Runner from 3rd tries for Home, SAFE, throw by CF to home
|
Batting: RHB Randy Hunt
|
0-0: Ball 1-0: Ball 2-0: Ball 3-0: Called Strike 3-1: Base on Balls Robert Tanzi to third Bryan Neal to second
|
Batting: LHB Greg Guin
|
0-0: Foul Ball, location: 2F 0-1: Ball 1-1: Ball 2-1: Called Strike 2-2: Foul Ball, location: 2F 2-2: SINGLE (Groundball, 3D, EV 99.4 MPH) Robert Tanzi scores Bryan Neal to third Randy Hunt to second Runner from 3rd tries for Home, SAFE, throw by RF to home
|
Batting: SHB Bruce Hines
|
0-0: Foul Ball, location: 2F 0-1: Called Strike 0-2: Fly out, F7 (Flyball, 7, EV 89.4 MPH)
|
Bottom of the 6th over - 3 runs, 4 hits, 0 errors, 2 left on base; Huron 15 - Watertown 9 |
TOP OF THE 7TH |
Huron Cubs batting - Pitching for Watertown Bucks : RHP Francis McQuade
|
Pitching: RHP Michael Beecroft
|
|
Batting: LHB Willis Gonzalez
|
0-0: Ball 1-0: Called Strike 1-1: Foul Ball, location: 2F 1-2: Ground out 6-3 (Groundball, 6, EV 103.1 MPH)
|
Batting: RHB Mike Stellern
|
0-0: Ball 1-0: Ground out 5-3 (Groundball, 5, EV 106.9 MPH)
|
Batting: RHB Scot Holliday
|
0-0: Ball 1-0: Ball 2-0: Ball 3-0: Base on Balls
|
Batting: SHB Keith Smith
|
0-0: Called Strike 0-1: Ball 1-1: Called Strike 1-2: Foul Ball, location: 2F 1-2: Fly out, F6 (Popup, P, EV 85.6 MPH)
|
Top of the 7th over - 0 runs, 0 hits, 0 errors, 1 left on base; Huron 15 - Watertown 9 |
BOTTOM OF THE 7TH |
Watertown Bucks batting - Pitching for Huron Cubs : RHP Jose Lopez
|
Batting: SHB Luis Rivera
|
0-0: Ball 1-0: Called Strike 1-1: Called Strike 1-2: Strikes out looking
|
Batting: RHB Kelly Smith
|
0-0: Ball 1-0: Ball 2-0: Ball 3-0: Base on Balls
|
Batting: LHB John Cardinali
|
0-0: Reached on error, E1 (Groundball, P, EV 74.4 MPH) Kelly Smith to second
|
Batting: LHB Manuel Vigil
|
0-0: Ball 1-0: Foul Ball, location: 2F 1-1: Foul Ball, location: 2F 1-2: Strikes out looking
|
Batting: RHB Robert Tanzi
|
0-0: Ball 1-0: Called Strike 1-1: Ball 2-1: Ball 3-1: Swinging Strike 3-2: Foul Ball, location: 2F 3-2: Foul Ball, location: 2F 3-2: Foul Ball, location: 2F 3-2: Base on Balls Kelly Smith to third John Cardinali to second
|
Batting: LHB Bryan Neal
|
0-0: Called Strike 0-1: Called Strike 0-2: SINGLE (Line Drive, 4MD, EV 95.6 MPH) Kelly Smith scores John Cardinali to third Robert Tanzi to second Runner from 3rd tries for Home, SAFE, throw by CF to home
|
Pitching: RHP Alex Samano
|
|
Batting: RHB Randy Hunt
|
0-0: Fly out, F1 (Line Drive, P, EV 65.0 MPH)
|
Bottom of the 7th over - 2 runs, 1 hit, 1 error, 2 left on base; Huron 15 - Watertown 11 |
TOP OF THE 8TH |
Huron Cubs batting - Pitching for Watertown Bucks : RHP Michael Beecroft
|
Batting: RHB Duffy Ryan
|
0-0: Ball 1-0: Ground out 5-3 (Groundball, 56, EV 98.8 MPH)
|
Batting: LHB Gary Varsho
|
0-0: Ball 1-0: Ball 2-0: Ball 3-0: Called Strike 3-1: Foul Ball, location: 2F 3-2: Base on Balls
|
Batting: RHB Greg Zunino
|
0-0: SINGLE (Groundball, 6D, EV 106.9 MPH) Gary Varsho to second
|
Batting: RHB Mark Carreon
|
0-0: Called Strike 0-1: Foul Ball, location: 2F 0-2: Foul Ball, location: 2F 0-2: Foul Ball, location: 2F 0-2: Foul Ball, location: 2F 0-2: Foul Ball, location: 2F 0-2: Ball 1-2: Foul Ball, location: 2F 1-2: Fly out, F3 (Popup, 3S, EV 70.0 MPH)
|
Batting: RHB John Alvarez
|
0-0: Swinging Strike 0-1: Fly out, F4 (Popup, 34, EV 75.6 MPH)
|
Top of the 8th over - 0 runs, 1 hit, 0 errors, 2 left on base; Huron 15 - Watertown 11 |
BOTTOM OF THE 8TH |
Watertown Bucks batting - Pitching for Huron Cubs : RHP Alex Samano
|
Batting: LHB Greg Guin
|
0-0: Ball 1-0: Fly out, F7 (Flyball, 7, EV 94.4 MPH)
|
Batting: SHB Bruce Hines
|
0-0: Called Strike 0-1: Foul Ball, location: 2F 0-2: Foul Ball, location: 2F 0-2: Foul Ball, location: 2F 0-2: Ball 1-2: Strikes out looking
|
Batting: SHB Luis Rivera
|
0-0: Ball 1-0: Ball 2-0: Ball 3-0: Base on Balls
|
Batting: RHB Kelly Smith
|
0-0: Fly out, F8 (Flyball, 8RD, EV 86.9 MPH)
|
Bottom of the 8th over - 0 runs, 0 hits, 0 errors, 1 left on base; Huron 15 - Watertown 11 |
TOP OF THE 9TH |
Huron Cubs batting - Pitching for Watertown Bucks : RHP Michael Beecroft
|
Batting: LHB Willis Gonzalez
|
0-0: Foul Ball, location: 2F 0-1: Fly out, F7 (Flyball, 7, EV 81.9 MPH)
|
Batting: RHB Mike Stellern
|
0-0: Fly out, F8 (Flyball, 8RD, EV 94.4 MPH)
|
Batting: RHB Scot Holliday
|
0-0: Ball 1-0: Ball 2-0: Swinging Strike 2-1: Foul Ball, location: 2F 2-2: Ball 3-2: Foul Ball, location: 2F 3-2: Ground out 6-3 (Groundball, 6S, EV 73.1 MPH)
|
Top of the 9th over - 0 runs, 0 hits, 0 errors, 0 left on base; Huron 15 - Watertown 11 |
BOTTOM OF THE 9TH |
Watertown Bucks batting - Pitching for Huron Cubs : RHP Alex Samano
|
Batting: LHB John Cardinali
|
0-0: Ball 1-0: Called Strike 1-1: SINGLE (Groundball, 25, EV 66.3 MPH) (infield hit)
|
Batting: LHB Manuel Vigil
|
0-0: Ball 1-0: Ball 2-0: Fly out, F8 (Flyball, 89M, EV 84.4 MPH)
|
Batting: RHB Robert Tanzi
|
0-0: SINGLE (Groundball, 3S, EV 71.9 MPH) (infield hit) John Cardinali to second
|
Batting: LHB Bryan Neal
|
0-0: Swinging Strike 0-1: Fly out, F8 (Line Drive, 8LM, EV 94.4 MPH)
|
Batting: RHB Randy Hunt
|
0-0: Called Strike 0-1: Foul Ball, location: 2F 0-2: Ball 1-2: Ball 2-2: Fly out, F9 (Flyball, 89M, EV 83.8 MPH)
|
Bottom of the 9th over - 0 runs, 2 hits, 0 errors, 2 left on base; Huron 15 - Watertown 11 |
|